 Seeded DCSS version 0.30-a0-722-g3e6e8c874d (webtiles) character file.

Game seed: 5430720872467839093 (custom seed)

1 valliere the Digger (level 1, 10/10 HPs)
             Began as a Gargoyle Earth Elementalist on Jan 27, 2023.
             Quit the game on level 1 of the Dungeon.
             The game lasted 00:00:10 (52 turns).

valliere the Digger (Gargoyle Earth Elementalist)     Turns: 52, Time: 00:00:10

Health: 10/10      AC:  4    Str: 11    XL:     1   Next: 20%
Magic:  3/3        EV: 11    Int: 15    God:
Gold:   9          SH:  0    Dex: 10    Spells: 3/4 levels left

rFire   . . .      SeeInvis .    (no weapon)
rCold   . . .      Faith    .    (no shield)
rNeg    + . .      Spirit   .    a - +0 robe
rPois   ∞          Reflect  .    (no helmet)
rElec   +          Harm     .    (no cloak)
rCorr   .          Rampage  .    (no gloves)
Will    .....                    (no boots)
Stlth   ++                       (no amulet)
HPRegen 0.21/turn                (no ring)
MPRegen 0.08/turn                (no ring)

@: no status effects
A: sickness immunity, AC +2, negative energy resistance 1, electricity
resistance, torment resistance 1, petrification resistance, subdued magic 1
a: no special abilities


You were on level 1 of the Dungeon.
You visited 1 branch of the dungeon, and saw 1 of its levels.

You collected 9 gold pieces.

Inventory:

Armour
 a - a +0 robe (worn)
Potions
 b - a potion of magic


   Skills:
 + Level 1.5 Dodging
 + Level 2.2 Stealth
 + Level 2.0 Spellcasting
 + Level 0.7 Transmutations
 + Level 3.6 Earth Magic


You had 3 spell levels left.
You knew the following spells:

 Your Spells              Type           Power      Damage    Failure   Level
a - Sandblast             Erth           18%        2d7       3%          1

Your spell library contained the following spells:

 Spells                   Type           Power      Damage    Failure   Level
 Passwall                 Tmut/Erth      5%         N/A       12%         2
 Stone Arrow              Conj/Erth      10%        3d7       28%         3
 Petrify                  Tmut/Erth      6%         N/A       61%         4


Dungeon Overview and Level Annotations

Branches:
Dungeon (1/15)

Altars:


Innate Abilities, Weirdness & Mutations

You are immune to sickness and miasma.
Your stone body is resilient. (AC +2)
You are immune to poison.
You resist negative energy. (rN+)
You are resistant to electric shocks. (rElec)
You are resistant to unholy torment.
You are immune to petrification.
Your spells are a little easier to cast, but a little less powerful.


Message History

Welcome, valliere the Gargoyle Earth Elementalist.
Game seed: 5430720872467839093 (custom seed) Press ? for a list of commands and other information.
Found 9 gold pieces.
Found a staircase leading out of the dungeon.
You now have 9 gold pieces.
A kobold comes into view. It is wielding a +0 short sword.
The kobold shouts!
The blast of sand hits the kobold!
You kill the kobold!
Magic restored.
Things that are here:
a +0 short sword; a kobold corpse
c - a viscous brown potion It was a potion of mutation.
You feel extremely strange.
You feel frail.
You feel robust.
Your connection to magic feels subdued.
Are you sure you want to abandon this character and quit the game? (Confirm with "yes".)

.... .... .....
.....## .......
.......
.......########
#.@......#
########.# #)#
#.# #.# #.# #.#
#.# #.#


There were no monsters in sight!

Vanquished Creatures
  A kobold (D:1)
1 creature vanquished.

Notes
Turn   | Place    | Note
-------+----------+-------------------------------------------
     0 | D:1      | valliere the Gargoyle Earth Elementalist began the quest
                  | for the Orb.
     0 | D:1      | Reached XP level 1. HP: 10/10 MP: 3/3
    51 | D:1      | Gained mutation: You are frail. (-10% HP) [potion of
                  | mutation]
    51 | D:1      | Lost mutation: You are frail. (-10% HP) [potion of
                  | mutation]
    51 | D:1      | Gained mutation: Your spells are a little easier to cast,
                  | but a little less powerful. [potion of mutation]
    52 | D:1      | Quit the game

Illustrated notes

Levels and vault maps discovered:
D:1:      dpeg_arrival_boxes_within_box, layout_basic

Action                     || total
---------------------------++-------
   Cast: Sandblast         ||     1
    Use: Potion            ||     1

Table legend: (Time is in decaauts)
 A = Elapsed time spent in this place.
 B = Non-inter-level travel time spent in this place.
 C = Inter-level travel time spent in this place.
 D = Time resting spent in this place.
 E = Time spent auto-exploring this place.
 F = Levels seen in this place.
 G = Mean time per level.
                   A        B        C        D        E       F      G
               +--------+--------+--------+--------+--------+-----+--------+
         Total |     52 |     52 |      0 |      0 |     46 |   1 |   52.0 |
       Dungeon |     52 |     52 |      0 |      0 |     46 |   1 |   52.0 |
               +--------+--------+--------+--------+--------+-----+--------+

Top non-repeatable levels by time:
     D:1: 52 daAuts
